 Dungeon Crawl Stone Soup version 0.29.1-13-g9f3cf754e1 (webtiles) character file.

Game seed: 380070228896155539

80 KittyFluff the Trooper (level 4, -3/43 HPs)
             Began as a Gargoyle Berserker on Jan 29, 2023.
             Was a Follower of Trog.
             Slain by a gnoll
             ... wielding a +0 halberd
              (8 damage)
             ... on level 2 of the Dungeon.
             The game lasted 00:05:00 (1831 turns).

KittyFluff the Trooper (Gargoyle Berserker)         Turns: 1831, Time: 00:05:00

Health: -3/43      AC:  8    Str: 20    XL:     4   Next: 39%
Magic:  4/4        EV: 11    Int:  8    God:    Trog [*.....]
Gold:   82         SH:  0    Dex: 11    Spells: 3/3 levels left

rFire   . . .      SeeInvis .   a - +0 mace
rCold   . . .      Faith    .   (no shield)
rNeg    + . .      Spirit   .   c - +0 leather armour
rPois   ∞          Reflect  .   g - +0 helmet
rElec   +          Harm     .   (no cloak)
rCorr   .          Rampage  .   (no gloves)
Will    .....                   (no boots)
Stlth   ..........              (no amulet)
HPRegen 0.14/turn               (no ring)
MPRegen 0.09/turn               (no ring)

@: berserking, very quick
A: sickness immunity, AC +3, negative energy resistance 1, electricity
resistance, torment resistance 1, petrification resistance
a: Renounce Religion, Berserk


You were on level 2 of the Dungeon.
You worshipped Trog.
Trog was aware of your devotion.
You visited 1 branch of the dungeon, and saw 2 of its levels.

You collected 82 gold pieces.

Inventory:

Hand Weapons
 a - a +0 mace (weapon)
Missiles
 d - 10 stones (quivered)
Armour
 c - a +0 leather armour (worn)
 e - a +0 ring mail
 g - a +0 helmet (worn)
Scrolls
 b - a scroll of torment {unknown}
 f - a scroll of poison {unknown}
 h - a scroll of teleportation {unknown}
 k - a scroll of amnesia {unknown}
 l - a scroll of fear {unknown}
 m - a scroll of identify {unknown}
Potions
 i - a potion of berserk rage {unknown}
 j - 2 potions of curing {unknown}


   Skills:
 + Level 3.9 Fighting
 + Level 3.9 Maces & Flails
 * Level 3.0 Armour
 + Level 1.9 Dodging
 + Level 0.5 Stealth


You had 3 spell levels left.
You didn't know any spells.
Your spell library was empty.

Dungeon Overview and Level Annotations

Branches:
Dungeon (2/15)

Altars:

Shops:
D:1 (


Innate Abilities, Weirdness & Mutations

You are immune to sickness and miasma.
Your stone body is resilient. (AC +3)
You are immune to poison.
You resist negative energy. (rN+)
You are resistant to electric shocks. (rElec)
You are resistant to unholy torment.
You are immune to petrification.


Message History

You kill the ball python!
Trog accepts your kill. The gnoll hits you but does no damage.
The gnoll barely misses you. The gnoll hits you but does no damage.
The gnoll barely misses you.
You see here a ball python corpse.
Found a book of Conjurations.
You hit the gnoll.
The gnoll is heavily wounded.
The gnoll hits you from afar with a +0 spear.
The gnoll hits you with a +0 flail!
You thump the gnoll!
The gnoll is almost dead.
The gnoll closely misses you. The gnoll hits you but does no damage.
You hit the gnoll but do no damage.
The gnoll is almost dead.
The gnoll hits you but does no damage. The gnoll barely misses you.
A red film seems to cover your vision as you go berserk!
You feel yourself moving faster!
You feel mighty!
You can no longer call upon Trog for regeneration and willpower.
The gnoll closely misses you.
You feel a strong urge to attack something.
The gnoll barely misses you. The gnoll hits you but does no damage.
The gnoll barely misses you.
You sock the gnoll!
The gnoll is severely wounded.
The gnoll hits you from afar with a +0 halberd!
* * * LOW HITPOINT WARNING * * *
The gnoll hits you with a +0 flail.
* * * LOW HITPOINT WARNING * * *
The gnoll hits you but does no damage.
You sock the gnoll!
You kill the gnoll!
Trog accepts your kill.
You sock the gnoll!
You kill the gnoll!
Trog accepts your kill.
The gnoll hits you from afar with a +0 halberd.
* * * LOW HITPOINT WARNING * * *
The gnoll hits you with a +0 halberd!
You die...

###.###.##
#.........
#.#.##
#.#######. #.##
#. #. #.### #.
#. #...# #. #.
###.#######.#
#. #.........#
#.
#####..........
#.
#..@gg#########
## #)##### #.#
#.# #.# # :.#
#. ### ####.##
#...... #......


You could see 2 gnolls.

Vanquished Creatures
  2 gnolls (D:2)
  2 adders (D:2)
  A dart slug (D:1)
  4 ball pythons
  3 endoplasms
  3 giant cockroaches (D:1)
  4 hobgoblins
  2 jackals (D:2)
  4 kobolds
  A quokka (D:1)
  7 bats
  2 frilled lizards
  3 goblins (D:1)
  3 rats
41 creatures vanquished.

Notes
Turn   | Place    | Note
-------+----------+-------------------------------------------
     0 | D:1      | KittyFluff the Gargoyle Berserker began the quest for the
                  | Orb.
     0 | D:1      | Reached XP level 1. HP: 14/14 MP: 1/1
   116 | D:1      | Found Sutoprit's Weapon Boutique.
   416 | D:1      | Reached XP level 2. HP: 18/19 MP: 2/2
   949 | D:1      | Reached XP level 3. HP: 24/24 MP: 3/3
  1659 | D:2      | Reached XP level 4. HP: 23/29 MP: 4/4
  1670 | D:2      | Reached ** piety under Trog
  1831 | D:2      | Slain by a gnoll

Illustrated notes

Levels and vault maps discovered:
D:1:      minmay_arrival_wavy_path, layout_loops_ring, serial_shops,
          nicolae_shop_waterfront, hangedman_abyss_or_decor_stabs,
          minmay_tetromino_o2
D:2:      layout_loops_ring, dreamdust_ecumenical_altar_angels_and_demons,
          minmay_lizard_pond

Skill      XL: |  1  2  3 |
---------------+----------+-----
Armour         | 3 |  3.0
Fighting       | |  3.9
Maces & Flails | |  3.9
Dodging        | |  1.9
Stealth        | |  0.5

Action                   |  1- 3 |  4- 6 || total
-------------------------+-------+-------++-------
Melee: Mace              |   102 |    18 ||   120
Invok: Berserk           |       |     1 ||     1
Armor: Leather armour    |    48 |     9 ||    57
       Animal skin       |     2 |       ||     2
Dodge: Dodged            |    86 |    17 ||   103
